 Dungeon Sprint DCSS version 0.17-b1-36-g7b1967c (webtiles) character file.

198177 Kidiri the Imperceptible (level 16, -18/88 HPs)
             Began as a Spriggan Enchanter on Nov 6, 2015.
             Was the Champion of Dithmenos.
             Killed from afar by Boris (72 damage)
             ... with a bolt of cold
             ... in the Dungeon (Sprint III: "The Ten Rune Challenge").
             The game lasted 01:42:06 (17399 turns).

Kidiri the Imperceptible (Spriggan Enchanter)      Turns: 17399, Time: 01:42:14

Health: -18/88     AC: 24    Str: 31      XL:     16   Next: 61%
Magic:  2/42       EV: 38    Int: 30 (31) God:    Dithmenos [******]
Gold:   9864       SH:  9    Dex: 21      Spells: 16 memorised, 1 level left

rFire  + + .     SeeInvis +     v - +6 dagger (elec)
rCold  x . .     Clarity  +     I - +1 fire dragon armour
rNeg   + . .     SustAt   .     G - +0 buckler of Virtue {rElec rC- Str+8 Int+4}
rPois  +         Gourm    .     a - +1 hat {Int+3}
rElec  +         Spirit   .     w - +3 cloak "Seepun" {rN+ Stlth+}
rCorr  .         Warding  .     (gloves unavailable)
rMut   .         NoTele   +     (boots unavailable)
MR     ++...                    b - amulet of Ryxzei {Clar rPois Str+7 Stlth-}
Stlth  ++++++++++               E - ring "Gicwacreo" {Str+7 Stlth+}
                                x - ring of protection from cold

@: mighty, wreathed by umbra, repel missiles, very quick, very resistant to
hostile enchantments, uncannily stealthy
A: unfitting armour, hooves 1, icy blue scales 1, rough black scales 1, see
invisible, agile 1, clever 2, deterioration 1, herbivore 3, speed 3, shaggy fur
1, slow metabolism 2, wild magic 1, evolution 2
a: Shadow Step, Shadow Form, Renounce Religion
}: 4/10 runes: decaying, serpentine, silver, golden


You were in the Dungeon.
You worshipped Dithmenos.
Dithmenos was exalted by your worship.
You were not hungry.

You visited 1 branch You collected 11764 gold pieces.
You spent 1900 gold pieces at shops.

Inventory:

Hand Weapons
 v - a +6 dagger of electrocution (weapon)
Missiles
 k - 15 throwing nets (quivered)
Armour
 a - a +1 hat of intelligence (worn)
 j - a +2 robe of positive energy
 w - the +3 cloak "Seepun" (worn) {rN+ Stlth+}
   (You acquired it in the Dungeon)

   It protects you from negative energy.
   It makes you more stealthy.
 z - a +2 robe of cold resistance
 G - the +0 buckler of Virtue (worn) {rElec rC- Str+8 Int+4}
   (You acquired it in the Dungeon)

   It affects your strength (+8).
   It affects your intelligence (+4).
   It makes you vulnerable to cold.
   It insulates you from electricity.
 I - a +1 fire dragon armour (worn)
Jewellery
 b - the amulet of Ryxzei (around neck) {Clar rPois Str+7 Stlth-}
   (You took it off a deep elf conjurer in the Dungeon)

   [amulet of clarity]

   It provides mental clarity.
   It affects your strength (+7).
   It protects you from poison.
   It makes you less stealthy.
 f - an uncursed ring of flight
 o - the amulet of the Many Gods {Regen+ Str+5}
   (You took it off a vault guard in the Dungeon)

   [amulet of regeneration]

   It affects your strength (+5).
   It increases your rate of regeneration.
 x - a ring of protection from cold (left hand)
 D - an uncursed ring of poison resistance
 E - the ring "Gicwacreo" (right hand) {Str+7 Stlth+}
   (You found it in the Dungeon)

   [ring of stealth]

   It affects your strength (+7).
   It makes you more stealthy.
 F - an uncursed ring of magical power
Wands
 c - a wand of polymorph (13)
 B - a wand of heal wounds (4)
 C - a wand of hasting (4)
Scrolls
 e - a scroll of identify
 l - 6 scrolls of amnesia
 m - 3 scrolls of torment
 r - a scroll of holy word
 s - a scroll of remove curse
 J - a scroll of fear
 N - a scroll of silence
Potions
 g - 2 potions of haste
 n - 3 potions of lignification
 q - 3 potions of cure mutation
 t - a potion of brilliance
 u - 5 potions of flight
 A - 11 potions of curing
 K - 4 potions of heal wounds
 P - a potion of invisibility
Books
 y - a book of Clouds

   Spells                             Type                      Level
   a - Mephitic Cloud                 Conjuration/Poison/Air       3
   b - Conjure Flame                  Conjuration/Fire             3
   c - Poisonous Cloud                Conjuration/Poison/Air       6
   d - Freezing Cloud                 Conjuration/Ice/Air          6
   e - Ring of Flames                 Charms/Fire                  7
Miscellaneous
 W - a crystal ball of energy
Comestibles
 p - 24 royal jellies
 H - a bread ration


   Skills:
 + Level 11.4 Fighting
 * Level 19.7 Short Blades
 + Level 10.8 Armour
 * Level 24.4 Dodging
 * Level 26.1 Stealth
 + Level 8.9 Shields
 * Level 21.2 Spellcasting
 + Level 10.8 Conjurations
 + Level 16.1 Hexes
 + Level 10.2 Charms
 + Level 17.6 Translocations
 + Level 11.6 Transmutations
 + Level 11.5 Ice Magic
 + Level 6.2 Air Magic
 + Level 8.4 Earth Magic
 - Level 2.1 Invocations
 + Level 7.9 Evocations


You had one spell level left.
You knew the following spells:

 Your Spells              Type           Power        Failure   Level  Hunger
a - Corona                Hex            #######      1%          1    None
b - Ensorcelled Hibernat  Hex/Ice        ######       1%          2    None
c - Confuse               Hex            ########     1%          3    None
d - Tukima's Dance        Hex            ########     1%          3    None
e - Dazzling Spray        Conj/Hex       ########     1%          3    None
f - Slow                  Hex            ########     1%          2    None
g - Gell's Gravitas       Hex/Tloc       ########..   1%          3    None
h - Cause Fear            Hex            ########..   1%          4    None
i - Passwall              Trmt/Erth      #######...   1%          3    None
j - Passage of Golubria   Tloc           N/A          1%          4    None
k - Lee's Rapid Deconstr  Erth           #######...   5%          5    None
l - Darkness              Hex            ########..   2%          6    None
m - Invisibility          Hex            ########     2%          6    None
n - Repel Missiles        Chrm/Air       ######       1%          2    None
o - Freezing Cloud        Conj/Ice/Air   #######...   19%         6    None
p - Mephitic Cloud        Conj/Pois/Air  #######.     3%          3    None


Dungeon Overview and Level Annotations

Branches:
Dungeon (1/1)

Altars:
Cheibriados
Dithmenos
Elyvilon
Fedhas
Gozag
Kikubaaqudgha
Makhleb
Nemelex Xobeh
Okawaru
Qazlal
Ru
Sif Muna
Trog
Vehumet
Xom
Yredelemnul
Zin
The Shining One
Jiyva
Lugonu

Shops:
D }![=[?=}%%!%![!}(*(:=%?}

Annotations:
D Boris


Innate Abilities, Weirdness & Mutations

You are tiny and cannot use many weapons and most armour.
You have supernaturally acute eyesight.
You are a herbivore.
You cover ground extremely quickly.
You need consume almost no food.
You have large cloven feet.
You are partially covered in icy blue scales (AC +1).
You are partially covered in rough black scales (AC +4, Dex -1).
You are agile. (Dex +2)
Your mind is very acute. (Int +4)
Your body sometimes deteriorates upon taking damage.
You are covered in fur (AC +1).
Your spells are a little harder to cast, but a little more powerful.
You rapidly evolve.


Message History

Your shadow hits Boris but does no damage.
Boris launches a ball of destructive magic.
The wavering orb of destruction weakly hits you!
You emit a cloud of dark smoke.
You hit Boris but do no damage. You kick Boris, but do no damage.
Boris is severely damaged.
Your shadow barely misses Boris.
Unknown command.
Drink which item? (? for menu, Esc to quit)
You feel very mighty all of a sudden. Boris completely misses you.
You block Boris's attack.
The spectral iron dragon is engulfed in freezing vapours.
Unknown command.
You hit Boris but do no damage. You kick Boris, but do no damage.
Boris is severely damaged.
Your shadow barely misses Boris.
Boris is engulfed in freezing vapours.
Boris gestures at you while chanting. The bolt of cold hits you!
You feel a terrible chill!
Ouch! That really hurt!
You die...

### ♣..≈≈≈§§§..♣ #########.#.....
..# ♣.♣...≈§.≈.♣ #.#.#.#.#.......
.†# ♣♣♣♣♣♣♣♣∩∩∩♣ #...............
### ♣♣♣♣♣ #...............
************########'############
,,**,≈,,,,≈,#Z§L###...##,*≈≈≈≈≈≈*
*+**≈,,,,,,≈#§§Z##§....##+*,≈≈,≈*
,,**,,,,,,,,#§###§§.....#**,,,,≈*
,,**,,,,,,,,+§ZL@§§.....+,,,,,,,,
,,**,,,,,,,,#+###§§.....#****,,≈*
,,**≈,,,,,,≈#≈≈≈##§....##,,,**,≈*
****,≈,,,,≈,#+#+###...##*,*,,**+*
,**####++####.#.# ##+##**,**,**,,
,,*#..+.....#+#####,≈≈≈+*,**,****
***########.#:.+∩∩#,≈≈,*,,**,,,,,
,,,*,,,* ##.####∩∩#,≈≈,*******+**
,,,*,,,###...###..#,,≈,*,,+≈⌠,,,≈


You could see Boris (invisible) and a spectral iron dragon.

Vanquished Creatures
  2 greater mummies (D)
  the Lernaean hydra (D)
  Norris (D)
  Sigmund (D)
  A golden dragon (D)
  Rupert (D)
  A lich (D)
  A deep elf master archer (D)
  2 titans (D)
  2 sphinxes (D)
  Gastronok (D)
  Chuck (D)
  3 shadow dragons (D)
  Roxanne (D)
  A greater naga (D)
  4 azure jellies (D)
  Maud (D)
  4 stone giants (D)
  2 dire elephants (D)
  A deep elf demonologist (D)
  Azrael (D)
  8 mummy priests (D)
  A yaktaur captain (D)
  Erolcha (D)
  2 deep elf high priests (D)
  16 vault guards (D)
  A fire dragon (D)
  3 hydras (D)
  A naga warrior (D)
  5 anacondas (D)
  2 centaur warriors (D)
  4 dancing weapons (D)
  An anaconda (shapeshifter) (D)
  An ogre mage (D)
  3 orc high priests (D)
  4 death yaks (D)
  A titan zombie (D)
  A deep elf knight (D)
  A death drake (shapeshifter) (D)
  7 skeletal warriors (D)
  A death drake (D)
  A golden dragon zombie (D)
  A spriggan druid (D)
  5 swamp dragons (D)
  A spectral iron dragon (D)
  A swamp dragon (shapeshifter) (D)
  A deep elf summoner (D)
  An obsidian statue (D)
  An orange crystal statue (D)
  4 ugly things (D)
  An orc sorcerer (D)
  A lindwurm (D)
  2 oklob plants (D)
  5 deep elf conjurers (D)
  4 crystal guardians (D)
  2 hornets (D)
  A shining eye (shapeshifter) (D)
  2 elephants (D)
  7 black mambas (D)
  3 iron troll simulacra (D)
  4 statues (D)
  A torpor snail (shapeshifter) (D)
  Edmund (D)
  A guardian serpent (D)
  2 spiny frogs (D)
  4 yaktaurs (D)
  A komodo dragon (D)
  15 guardian mummies (D)
  A queen bee (D)
  A fire drake (D)
  3 wandering mushrooms (D)
  2 deep elf priests (D)
  4 spriggan defenders (D)
  8 blink frogs (D)
  2 snapping turtles (shapeshifter) (D)
  4 slime creatures (D)
  4 redbacks (D)
  A shadow (D)
  2 trapdoor spiders (D)
  2 spriggans (D)
  2 hill giants (D)
  3 hydra simulacra (D)
  2 nagas (D)
  A spatial vortex (D)
  3 water moccasins (D)
  3 swamp drakes (D)
  A wasp (D)
  A necrophage (D)
  2 orc warriors (D)
  2 brain worms (D)
  2 two-headed ogres (D)
  A water elemental (D)
  32 killer bees (D)
  An electric eel (D)
  A jelly (D)
  4 orc priests (D)
  3 orc wizards (D)
  Jessica (D)
  A wizard (D)
  A necromancer (D)
  A polar bear simulacrum (D)
  A kobold demonologist (D)
  A wolf simulacrum (D)
  3 humans (D)
  4 adders (D)
  A giant eyeball (D)
  A phantom (D)
  8 orcs (D)
  A kobold (D)
  2 rats (D)
  2 bushes (D)
  12 butterflies (D)
  3 plants (D)
311 creatures vanquished.

Vanquished Creatures (collateral kills)
  A two-headed ogre (D)
1 creature vanquished.

Vanquished Creatures (others)
  2 draconian scorchers (D)
  4 dancing weapons (D)
  3 yaktaurs (D)
  7 plants (D)
16 creatures vanquished.

Grand Total: 328 creatures vanquished

Notes
Turn   | Place    | Note
--------------------------------------------------------------
     0 | D        | Kidiri the Spriggan Enchanter began the quest for the Orb.
     0 | D        | Reached XP level 1. HP: 9/9 MP: 5/5
    24 | D        | Noticed Jessica
    28 | D        | Killed Jessica
    28 | D        | Reached skill level 1 in Fighting
    28 | D        | Reached skill level 1 in Armour
    28 | D        | Reached skill level 5 in Stealth
    28 | D        | Reached XP level 2. HP: 12/14 MP: 6/8
    32 | D        | Learned a level 2 spell: Ensorcelled Hibernation
    74 | D        | Reached skill level 6 in Stealth
    74 | D        | Reached XP level 3. HP: 18/18 MP: 9/9
    94 | D        | Learned a level 3 spell: Confuse
    98 | D        | Learned a level 3 spell: Dazzling Spray
   103 | D        | Killed a yaktaur
   207 | D        | Gained mutation: You are covered in fur (AC +1). [potion of mutation]
   207 | D        | Gained mutation: You are partially covered in rough black scales (AC +4, Dex -1). [potion of mutation]
   207 | D        | Gained mutation: Armour fits poorly on your strangely shaped body. [potion of mutation]
   208 | D        | Gained mutation: You evolve. [potion of mutation]
   208 | D        | Lost mutation: Armour fits poorly on your strangely shaped body. [potion of mutation]
   208 | D        | Gained mutation: You rapidly evolve. [potion of mutation]
   209 | D        | Gained mutation: Your body sometimes deteriorates upon taking damage. [potion of mutation]
   209 | D        | Gained mutation: You are agile. (Dex +2) [potion of mutation]
   257 | D        | Noticed a water elemental
   273 | D        | HP: 1/27 [water elemental (20)]
   277 | D        | Killed a water elemental
   277 | D        | Reached skill level 5 in Dodging
   277 | D        | Reached skill level 7 in Stealth
   277 | D        | Reached skill level 5 in Spellcasting
   277 | D        | Reached skill level 1 in Conjurations
   277 | D        | Reached skill level 1 in Ice Magic
   277 | D        | Reached XP level 4. HP: 1/23 MP: 7/12
   280 | D        | Killed a white draconian scorcher
   327 | D        | Killed a white draconian scorcher
   583 | D        | Learned a level 3 spell: Tukima's Dance
   583 | D        | Noticed a jelly
   584 | D        | Noticed a shadow
   586 | D        | Killed a shadow
   586 | D        | Reached skill level 5 in Short Blades
   586 | D        | Reached skill level 9 in Stealth
   586 | D        | Reached skill level 5 in Hexes
   586 | D        | Reached XP level 5. HP: 27/27 MP: 12/14
   615 | D        | Killed a jelly
   615 | D        | Reached XP level 6. HP: 30/32 MP: 1/16
   739 | D        | Found a stormy altar of Qazlal.
   739 | D        | Noticed a spatial vortex
   740 | D        | Found a sacrificial altar of Ru.
   740 | D        | Found a burning altar of Makhleb.
   740 | D        | Found a viscous altar of Jiyva.
   740 | D        | Found a shimmering altar of Xom.
   740 | D        | Found a shadowy altar of Dithmenos.
   740 | D        | Found a sparkling altar of Nemelex Xobeh.
   740 | D        | Found a corrupted altar of Lugonu.
   740 | D        | Found an opulent altar of Gozag.
   744 | D        | Became a worshipper of Dithmenos the Shadowed
   938 | D        | Killed a spatial vortex
   938 | D        | Reached skill level 1 in Invocations
  1065 | D        | Found a radiant altar of Vehumet.
  1066 | D        | Found a deep blue altar of Sif Muna.
  1066 | D        | Found an ancient bone altar of Kikubaaqudgha.
  1066 | D        | Noticed a wizard
  1067 | D        | Killed a wizard
  1067 | D        | Reached skill level 10 in Stealth
  1078 | D        | Learned a level 2 spell: Slow
  1082 | D        | Learned a level 3 spell: Gell's Gravitas
  1092 | D        | Found a glowing silver altar of Zin.
  1093 | D        | Found a glowing golden altar of the Shining One.
  1093 | D        | Found a white marble altar of Elyvilon.
  1093 | D        | Noticed a deep elf priest
  1095 | D        | Killed a deep elf priest
  1095 | D        | Reached * piety under Dithmenos
  1095 | D        | Reached XP level 7. HP: 36/36 MP: 17/19
  1109 | D        | Learned a level 4 spell: Cause Fear
  1137 | D        | Found an iron altar of Okawaru.
  1138 | D        | Found a bloodstained altar of Trog.
  1138 | D        | Noticed a human
  1138 | D        | Noticed a human
  1140 | D        | Killed a human
  1140 | D        | Reached skill level 11 in Stealth
  1141 | D        | Killed a human
  1157 | D        | Found a snail-covered altar of Cheibriados.
  1157 | D        | Noticed a necrophage
  1158 | D        | Found a basalt altar of Yredelemnul.
  1158 | D        | Found a blossoming altar of Fedhas.
  1158 | D        | Noticed a necromancer
  1159 | D        | Killed a necrophage
  1159 | D        | Reached ** piety under Dithmenos
  1159 | D        | Reached skill level 10 in Dodging
  1159 | D        | Reached XP level 8. HP: 42/42 MP: 21/21
  1160 | D        | Killed a necromancer
  1178 | D        | Noticed a two-headed ogre
  1178 | D        | Noticed a two-headed ogre
  1184 | D        | Killed a two-headed ogre
  1186 | D        | Noticed a two-headed ogre
  1186 | D        | Killed a two-headed ogre
  1197 | D        | Killed a two-headed ogre
  1197 | D        | Reached *** piety under Dithmenos
  1231 | D        | Gained mutation: You have large cloven feet. [evolution]
  1243 | D        | Killed a yaktaur
  1342 | D        | Noticed a hill giant
  1345 | D        | Killed a hill giant
  1351 | D        | Noticed a hill giant
  1351 | D        | Noticed Erolcha
  1353 | D        | Killed Erolcha
  1353 | D        | Reached skill level 12 in Stealth
  1353 | D        | Reached skill level 5 in Translocations
  1353 | D        | Reached XP level 9. HP: 46/46 MP: 23/23
  1354 | D        | Killed a hill giant
  1354 | D        | Reached skill level 10 in Spellcasting
  1360 | D        | Noticed a redback
  1363 | D        | Killed a redback
  1363 | D        | Reached **** piety under Dithmenos
  1363 | D        | Reached skill level 13 in Stealth
  1367 | D        | Noticed a trapdoor spider
  1375 | D        | Killed a trapdoor spider
  1500 | D        | Noticed a trapdoor spider
  1506 | D        | Killed a trapdoor spider
  1584 | D        | Noticed a killer bee
  1584 | D        | Noticed a killer bee
  1584 | D        | Noticed a killer bee
  1585 | D        | Noticed a killer bee
  1585 | D        | Noticed a killer bee
  1585 | D        | Noticed a killer bee
  1585 | D        | Noticed a queen bee
  1585 | D        | Noticed a killer bee
  1585 | D        | Noticed a killer bee
  1585 | D        | Noticed a killer bee
  1585 | D        | Noticed a killer bee
  1585 | D        | Noticed a killer bee
  1585 | D        | Noticed a killer bee
  1585 | D        | Noticed a killer bee
  1585 | D        | Noticed a killer bee
  1585 | D        | Noticed a killer bee
  1585 | D        | Noticed a killer bee
  1585 | D        | Noticed a killer bee
  1585 | D        | Noticed a killer bee
  1585 | D        | Noticed a killer bee
  1585 | D        | Noticed a killer bee
  1585 | D        | Noticed a killer bee
  1585 | D        | Noticed a killer bee
  1585 | D        | Noticed a killer bee
  1585 | D        | Noticed a killer bee
  1585 | D        | Noticed a killer bee
  1585 | D        | Noticed a killer bee
  1585 | D        | Noticed a killer bee
  1585 | D        | Noticed a killer bee
  1585 | D        | Noticed a killer bee
  1585 | D        | Noticed a killer bee
  1585 | D        | Noticed a killer bee
  1585 | D        | Noticed a killer bee
  1586 | D        | Killed a killer bee
  1590 | D        | Killed a killer bee
  1591 | D        | Killed a killer bee
  1591 | D        | Reached ***** piety under Dithmenos
  1592 | D        | Killed a killer bee
  1597 | D        | Killed a killer bee
  1597 | D        | Reached skill level 5 in Fighting
  1599 | D        | Killed a killer bee
  1600 | D        | Killed a killer bee
  1601 | D        | Killed a killer bee
  1606 | D        | Killed a killer bee
  1609 | D        | Killed a killer bee
  1614 | D        | Killed a killer bee
  1616 | D        | Killed a killer bee
  1748 | D        | Killed a killer bee
  1752 | D        | Killed a killer bee
  1754 | D        | Killed a killer bee
  1756 | D        | Killed a killer bee
  1758 | D        | Killed a killer bee
  1760 | D        | Killed a killer bee
  1760 | D        | Reached ****** piety under Dithmenos
  1762 | D        | Killed a killer bee
  1898 | D        | Killed a killer bee
  1901 | D        | Killed a killer bee
  1901 | D        | Reached skill level 14 in Stealth
  1901 | D        | Reached skill level 5 in Ice Magic
  1904 | D        | Killed a killer bee
  1908 | D        | Killed a killer bee
  1910 | D        | Killed a killer bee
  1912 | D        | Killed a killer bee
  1914 | D        | Killed a killer bee
  1916 | D        | Killed a killer bee
  1916 | D        | Reached XP level 10. HP: 39/51 MP: 5/26
  1918 | D        | Killed a killer bee
  1920 | D        | Killed a killer bee
  2055 | D        | Killed a killer bee
  2055 | D        | Reached skill level 10 in Short Blades
  2058 | D        | Killed a killer bee
  2065 | D        | Killed a queen bee
  2074 | D        | Killed a killer bee
  2164 | D        | Killed a yaktaur
  2225 | D        | Noticed a wandering mushroom
  2226 | D        | Noticed a wandering mushroom
  2226 | D        | Noticed a wandering mushroom
  2228 | D        | Killed a wandering mushroom
  2234 | D        | Killed a wandering mushroom
  2238 | D        | Killed a wandering mushroom
  2325 | D        | Noticed a spiny frog
  2325 | D        | Noticed a komodo dragon
  2325 | D        | Noticed a spiny frog
  2328 | D        | Killed a spiny frog
  2328 | D        | Reached skill level 5 in Armour
  2330 | D        | Killed a komodo dragon
  2330 | D        | Reached skill level 15 in Stealth
  2331 | D        | Killed a spiny frog
  2331 | D        | Reached skill level 5 in Conjurations
  2342 | D        | Noticed a redback
  2344 | D        | Killed a redback
  2345 | D        | Noticed a brain worm
  2348 | D        | Killed a brain worm
  2351 | D        | Noticed a brain worm
  2353 | D        | Killed a brain worm
  2356 | D        | Noticed a lindwurm
  2358 | D        | Noticed a redback
  2359 | D        | Killed a lindwurm
  2361 | D        | Killed a redback
  2365 | D        | Noticed a redback
  2366 | D        | Killed a redback
  2467 | D        | Noticed Maud
  2469 | D        | Killed Maud
  2469 | D        | Reached XP level 11. HP: 56/56 MP: 28/28
  2472 | D        | Noticed an electric eel
  2473 | D        | Noticed a four-headed hydra
  2473 | D        | Noticed a seven-headed hydra
  2476 | D        | Killed an electric eel
  2479 | D        | Killed a four-headed hydra
  2479 | D        | Reached skill level 16 in Stealth
  2479 | D        | Reached skill level 10 in Hexes
  2481 | D        | Killed a seven-headed hydra
  2525 | D        | Noticed a death drake
  2528 | D        | Killed a death drake
  2535 | D        | Found a blossoming altar of Fedhas.
  2535 | D        | Noticed a spriggan
  2535 | D        | Noticed a spriggan druid
  2535 | D        | Noticed a spriggan
  2537 | D        | Killed a spriggan druid
  2537 | D        | Reached skill level 15 in Dodging
  2539 | D        | Killed a spriggan
  2540 | D        | Killed a spriggan
  2691 | D        | Noticed a swamp drake
  2691 | D        | Noticed a swamp dragon
  2692 | D        | Noticed a swamp dragon
  2693 | D        | Killed a swamp drake
  2694 | D        | Noticed a swamp dragon
  2694 | D        | Noticed a swamp dragon
  2694 | D        | Noticed a swamp drake
  2694 | D        | Noticed a swamp dragon
  2694 | D        | Found Luibecw's Antique Armour Emporium.
  2694 | D        | Found Kitom's Magic Scroll Shop.
  2694 | D        | Found Ogam's Jewellery Shoppe.
  2695 | D        | Killed a swamp dragon
  2698 | D        | Killed a swamp drake
  2700 | D        | Killed a swamp dragon
  2705 | D        | Killed a swamp dragon
  2705 | D        | Reached skill level 17 in Stealth
  2707 | D        | Killed a swamp dragon
  2707 | D        | Reached skill level 10 in Translocations
  2711 | D        | Killed a swamp dragon
  2808 | D        | Noticed a swamp drake
  2808 | D        | Noticed a fire drake
  2809 | D        | Killed a fire drake
  2811 | D        | Killed a swamp drake
  2817 | D        | Noticed a blink frog
  2817 | D        | Noticed a blink frog
  2817 | D        | Noticed a blink frog
  2818 | D        | Noticed a blink frog
  2818 | D        | Noticed a blink frog
  2823 | D        | Killed a blink frog
  2828 | D        | Killed a blink frog
  2830 | D        | Killed a blink frog
  2832 | D        | Killed a blink frog
  2845 | D        | Killed a blink frog
  2985 | D        | Noticed Rupert
  2990 | D        | Killed Rupert
  2990 | D        | Reached skill level 18 in Stealth
  2990 | D        | Reached XP level 12. HP: 63/63 MP: 25/31
  3018 | D        | Gained mutation: You are partially covered in icy blue scales (AC +1). [evolution]
  3020 | D        | Noticed a death yak
  3021 | D        | Noticed a death yak
  3021 | D        | Noticed a blink frog
  3022 | D        | Noticed an azure jelly
  3022 | D        | Noticed a death yak
  3022 | D        | Noticed an azure jelly
  3022 | D        | Noticed a blink frog
  3022 | D        | Noticed a death yak
  3023 | D        | Noticed a blink frog
  3033 | D        | Killed a death yak
  3038 | D        | Killed a death yak
  3178 | D        | Noticed a black mamba
  3180 | D        | Killed a blink frog
  3183 | D        | Killed a black mamba
  3189 | D        | Noticed a black mamba
  3190 | D        | Killed a death yak
  3193 | D        | Killed a black mamba
  3339 | D        | Killed a blink frog
  3345 | D        | Killed a blink frog
  3354 | D        | Killed a death yak
  3355 | D        | Noticed an azure jelly
  3355 | D        | Noticed an azure jelly
  3448 | D        | Noticed a black mamba
  3448 | D        | Noticed an anaconda
  3448 | D        | Noticed a black mamba
  3449 | D        | Noticed a water moccasin
  3452 | D        | Killed a black mamba
  3455 | D        | Killed an anaconda
  3456 | D        | Killed a black mamba
  3458 | D        | Killed a water moccasin
  3490 | D        | Noticed a black mamba
  3491 | D        | Noticed a black mamba
  3491 | D        | Noticed a black mamba
  3491 | D        | Noticed an anaconda
  3491 | D        | Noticed an anaconda
  3492 | D        | Killed a black mamba
  3492 | D        | Reached skill level 15 in Spellcasting
  3494 | D        | Noticed an anaconda
  3497 | D        | Killed an anaconda
  3498 | D        | Killed an anaconda
  3498 | D        | Reached skill level 19 in Stealth
  3499 | D        | Killed a black mamba
  3501 | D        | Killed a black mamba
  3503 | D        | Killed an anaconda
  3544 | D        | Noticed a water moccasin
  3544 | D        | Noticed a water moccasin
  3544 | D        | Noticed an anaconda
  3546 | D        | Killed a water moccasin
  3549 | D        | Killed a water moccasin
  3553 | D        | Killed an anaconda
  3576 | D        | Noticed a naga
  3576 | D        | Noticed a naga
  3577 | D        | Noticed a naga warrior
  3577 | D        | Noticed a greater naga
  3577 | D        | Found Wuskol's Gadget Boutique.
  3577 | D        | Found Suwneeb's Distillery.
  3578 | D        | Killed a naga
  3579 | D        | Found Poyvvuyz's Antique Armour Shop.
  3580 | D        | Killed a greater naga
  3580 | D        | Reached XP level 13. HP: 68/68 MP: 28/33
  3581 | D        | Killed a naga warrior
  3582 | D        | Killed a naga
  3608 | D        | Noticed a guardian serpent
  3610 | D        | Killed a guardian serpent
  3612 | D        | Got a serpentine rune of Zot
  3689 | D        | Noticed an elephant
  3689 | D        | Noticed an elephant
  3689 | D        | Noticed a dire elephant
  3689 | D        | Noticed a dire elephant
  3689 | D        | Noticed Gastronok
  3691 | D        | Killed Gastronok
  3692 | D        | Killed a dire elephant
  3695 | D        | Killed a dire elephant
  3695 | D        | Reached skill level 20 in Stealth
  3697 | D        | Killed an elephant
  3700 | D        | Killed an elephant
  3820 | D        | Noticed an orc high priest
  3821 | D        | Noticed an orc high priest
  3821 | D        | Noticed an orc wizard
  3821 | D        | Noticed an orc wizard
  3821 | D        | Noticed an orc wizard
  3821 | D        | Noticed an orc sorcerer
  3821 | D        | Noticed an orc warrior
  3821 | D        | Noticed an orc priest
  3821 | D        | Noticed an orc warrior
  3821 | D        | Found Fytsucef's Jewellery Shoppe.
  3822 | D        | Killed an orc high priest
  3823 | D        | Killed an orc high priest
  3829 | D        | Killed an orc warrior
  3831 | D        | Killed an orc priest
  3832 | D        | Killed an orc wizard
  3836 | D        | Killed an orc wizard
  3837 | D        | Killed an orc warrior
  3837 | D        | Reached skill level 15 in Short Blades
  3838 | D        | Killed an orc wizard
  3838 | D        | Paralysed by an orc sorcerer for 6 turns
  3842 | D        | HP: 2/69 [orc sorcerer/bolt of fire (34)]
  3846 | D        | Killed an orc sorcerer
  4200 | D        | Bought an uncursed ring of flight for 192 gold pieces
  4279 | D        | Gained mutation: Your mind is acute. (Int +2) [evolution]
  4307 | D        | Noticed a deep elf conjurer
  4307 | D        | Noticed a deep elf conjurer
  4307 | D        | Noticed a deep elf priest
  4307 | D        | Noticed a deep elf knight
  4307 | D        | Noticed a deep elf summoner
  4323 | D        | Killed a deep elf priest
  4335 | D        | Killed a deep elf knight
  4342 | D        | Killed a deep elf summoner
  4346 | D        | Killed a deep elf conjurer
  4351 | D        | Killed a deep elf conjurer
  4642 | D        | Noticed a deep elf conjurer
  4655 | D        | Noticed a deep elf demonologist
  4657 | D        | Killed a deep elf demonologist
  4704 | D        | Noticed a deep elf conjurer
  4707 | D        | Noticed a deep elf conjurer
  4709 | D        | Killed a deep elf conjurer
  4714 | D        | Noticed a deep elf high priest
  4753 | D        | Noticed a deep elf high priest
  4755 | D        | Killed a deep elf high priest
  4757 | D        | Noticed a deep elf master archer
  4758 | D        | Killed a deep elf high priest
  4842 | D        | Killed a deep elf conjurer
  4897 | D        | Killed a deep elf master archer
  4897 | D        | Reached skill level 21 in Stealth
  5092 | D        | Killed a deep elf conjurer
  5094 | D        | Got a brightly glowing steel amulet
  5096 | D        | Identified the amulet of Ryxzei {Clar rPois Str+7 Stlth-} (You took it off a deep elf conjurer in the Dungeon)
  5110 | D        | Identified the Tome of Floating Malediction
  5209 | D        | Learned a level 3 spell: Passwall
  5214 | D        | Learned a level 4 spell: Passage of Golubria
  5220 | D        | Learned a level 5 spell: Lee's Rapid Deconstruction
  5227 | D        | Learned a level 6 spell: Darkness
  5234 | D        | Learned a level 6 spell: Invisibility
  5303 | D        | Noticed Sigmund
  5303 | D        | Noticed Edmund
  5305 | D        | Killed Sigmund
  5305 | D        | Reached skill level 1 in Earth Magic
  5307 | D        | Killed Edmund
  5329 | D        | Noticed an orc priest
  5329 | D        | Noticed an orc priest
  5330 | D        | Noticed an orc high priest
  5330 | D        | Noticed an orc priest
  5331 | D        | Killed an orc priest
  5332 | D        | Killed an orc priest
  5334 | D        | Killed an orc priest
  5335 | D        | Killed an orc high priest
  5426 | D        | Noticed a spriggan defender
  5427 | D        | Noticed a spriggan defender
  5427 | D        | Noticed a spriggan defender
  5427 | D        | Noticed a spriggan defender
  5428 | D        | Killed a spriggan defender
  5428 | D        | Reached XP level 14. HP: 75/75 MP: 31/36
  5429 | D        | Killed a spriggan defender
  5431 | D        | Killed a spriggan defender
  5432 | D        | Killed a spriggan defender
  5578 | D        | Noticed a swamp dragon
  5581 | D        | Killed a swamp dragon
  5593 | D        | Noticed a centaur warrior
  5599 | D        | Killed a centaur warrior
  5628 | D        | Noticed a fire dragon
  5632 | D        | Killed a fire dragon
  5636 | D        | Noticed a green ugly thing
  5639 | D        | Killed a green ugly thing
  5650 | D        | Noticed a halberd of chopping
  5650 | D        | Noticed a mace of holy wrath
  5650 | D        | Noticed a long sword of slicing
  5651 | D        | Noticed a long sword of holy wrath
  5652 | D        | Killed a mace of holy wrath
  5654 | D        | Killed a long sword of holy wrath
  5656 | D        | Killed a halberd of chopping
  5658 | D        | Killed a long sword of slicing
  5837 | D        | Noticed a yaktaur
  5837 | D        | Noticed a yaktaur
  5839 | D        | Noticed a yaktaur
  5839 | D        | Noticed a yaktaur
  5839 | D        | Killed a yaktaur
  5843 | D        | Killed a yaktaur
  5847 | D        | Killed a yaktaur
  5851 | D        | Killed a yaktaur
  5861 | D        | Noticed Azrael
  5863 | D        | Killed Azrael
  5957 | D        | Noticed an orange crystal statue
  5963 | D        | Killed an orange crystal statue
  5972 | D        | Found Juikekes's General Store.
  5972 | D        | Found Imucwe's Book Shop.
  5972 | D        | Found Bantolel's Gadget Shoppe.
  5972 | D        | Found Giqiekleaju's Antique Weapon Boutique.
  5972 | D        | Found Pozuts's Antique Weapon Emporium.
  5972 | D        | Found Foejurao's Magic Scroll Shop.
  5972 | D        | Found Cuabb's Food Emporium.
  5972 | D        | Found Ygih Qoxt's Jewellery Boutique.
  5973 | D        | Found Itaoney's Gadget Boutique.
  5973 | D        | Found Uxymadi's Distillery.
  5973 | D        | Found Faeptur's Antique Armour Shop.
  5973 | D        | Found Gimpext's Distillery.
  5989 | D        | Bought a potion of heal wounds for 65 gold pieces
  5989 | D        | Bought a potion of curing for 39 gold pieces
  5989 | D        | Bought a potion of curing for 39 gold pieces
  5989 | D        | Bought a potion of heal wounds for 65 gold pieces
  5992 | D        | Bought a wand of heal wounds (5) for 648 gold pieces
  5993 | D        | Bought a scroll of identify for 20 gold pieces
  5998 | D        | Bought a scroll of enchant weapon for 75 gold pieces
  5998 | D        | Bought a scroll of identify for 20 gold pieces
  5998 | D        | Bought a scroll of identify for 20 gold pieces
  5998 | D        | Bought a scroll of enchant weapon for 75 gold pieces
  5998 | D        | Bought 2 scrolls of identify for 40 gold pieces
  5998 | D        | Bought a scroll of identify for 20 gold pieces
  6090 | D        | Noticed a crystal guardian
  6090 | D        | Noticed a crystal guardian
  6090 | D        | Noticed a crystal guardian
  6090 | D        | Noticed a crystal guardian
  6106 | D        | Killed a crystal guardian
  6106 | D        | Reached skill level 22 in Stealth
  6168 | D        | Killed a crystal guardian
  6183 | D        | Killed a crystal guardian
  6206 | D        | Killed a crystal guardian
  6206 | D        | Reached skill level 1 in Shields
  6206 | D        | Reached skill level 5 in Transmutations
  6445 | D        | Noticed a cyan ugly thing
  6445 | D        | Noticed a slime creature
  6445 | D        | Noticed a white ugly thing
  6445 | D        | Noticed a slime creature
  6446 | D        | Noticed a slime creature
  6447 | D        | Killed a white ugly thing
  6448 | D        | Killed a slime creature
  6450 | D        | Killed a slime creature
  6451 | D        | Noticed a yaktaur captain
  6451 | D        | Noticed a snapping turtle
  6452 | D        | Killed a cyan ugly thing
  6454 | D        | Killed a slime creature
  6456 | D        | Killed a snapping turtle
  6467 | D        | Killed a yaktaur captain
  6696 | D        | Noticed a shining eye
  6697 | D        | Noticed Chuck
  6699 | D        | Killed a shining eye
  6701 | D        | Noticed an anaconda
  6704 | D        | Killed an anaconda
  6953 | D        | Killed Chuck
  7151 | D        | Noticed a snapping turtle
  7151 | D        | Noticed Norris
  7158 | D        | Killed Norris
  7158 | D        | Reached skill level 15 in Translocations
  7161 | D        | Killed a snapping turtle
  7166 | D        | Noticed a cyan ugly thing
  7168 | D        | Noticed a slime creature
  7169 | D        | Killed a cyan ugly thing
  7171 | D        | Killed a slime creature
  7178 | D        | Noticed a lich
  7181 | D        | Killed a lich
  7187 | D        | Noticed a torpor snail
  7187 | D        | Noticed a shadow dragon
  7187 | D        | Noticed a boulder beetle
  7187 | D        | Noticed an ogre mage
  7188 | D        | Noticed a shadow dragon
  7188 | D        | Killed a torpor snail
  7191 | D        | a boulder beetle changed into a shining eye
  7225 | D        | Killed a shadow dragon
  7226 | D        | Killed an ogre mage
  7226 | D        | Reached skill level 10 in Fighting
  7226 | D        | Reached skill level 10 in Ice Magic
  7414 | D        | Killed a shadow dragon
  7414 | D        | Reached skill level 23 in Stealth
  7542 | D        | Noticed an obsidian statue
  7556 | D        | Killed an obsidian statue
  7773 | D        | Learned a level 2 spell: Repel Missiles
  7823 | D        | Noticed a skeletal warrior
  7823 | D        | Noticed a skeletal warrior
  7823 | D        | Noticed a skeletal warrior
  7823 | D        | Noticed a skeletal warrior
  7837 | D        | Killed a skeletal warrior
  7850 | D        | Killed a skeletal warrior
  7850 | D        | Reached skill level 1 in Charms
  7875 | D        | Killed a skeletal warrior
  7905 | D        | Killed a skeletal warrior
  8096 | D        | Noticed an ancient lich
  8216 | D        | Noticed a guardian mummy
  8217 | D        | Noticed a sphinx
  8217 | D        | Noticed a sphinx
  8219 | D        | Killed a guardian mummy
  8219 | D        | Reached XP level 15. HP: 62/78 MP: 38/38
  8295 | D        | Killed a sphinx
  8295 | D        | Reached skill level 1 in Air Magic
  8296 | D        | Killed a sphinx
  8296 | D        | Reached skill level 5 in Earth Magic
  8326 | D        | Noticed a guardian mummy
  8329 | D        | Killed a guardian mummy
  8419 | D        | Noticed a mummy priest
  8420 | D        | Noticed a guardian mummy
  8420 | D        | Noticed a mummy priest
  8421 | D        | Killed a mummy priest
  8564 | D        | Gained mutation: Your spells are a little harder to cast, but a little more powerful. [evolution]
  8585 | D        | Noticed a guardian mummy
  8587 | D        | Killed a guardian mummy
  8596 | D        | Killed a guardian mummy
  8615 | D        | Killed a mummy priest
  8615 | D        | Reached skill level 5 in Shields
  8710 | D        | Noticed a guardian mummy
  8713 | D        | Killed a guardian mummy
  8730 | D        | Noticed a mummy priest
  8735 | D        | Noticed a guardian mummy
  8737 | D        | Killed a mummy priest
  8738 | D        | Noticed a guardian mummy
  8739 | D        | Killed a guardian mummy
  8740 | D        | Noticed a mummy priest
  8741 | D        | Killed a guardian mummy
  8742 | D        | Killed a mummy priest
  9395 | D        | Noticed a shadow dragon
  9395 | D        | Noticed a vault guard
  9395 | D        | Noticed a vault guard
  9395 | D        | Noticed a stone giant
  9395 | D        | Noticed a vault guard
  9395 | D        | Noticed a vault guard
  9395 | D        | Noticed a golden dragon
  9395 | D        | Noticed a vault guard
  9395 | D        | Noticed a vault guard
  9395 | D        | Noticed a stone giant
  9395 | D        | Noticed a vault guard
  9395 | D        | Noticed a vault guard
  9395 | D        | Noticed a stone giant
  9395 | D        | Noticed a vault guard
  9395 | D        | Noticed a vault guard
  9395 | D        | Noticed a stone giant
  9395 | D        | Noticed a vault guard
  9395 | D        | Noticed a titan
  9396 | D        | Noticed a centaur warrior
  9396 | D        | Noticed a skeletal warrior
  9396 | D        | Noticed a skeletal warrior
  9396 | D        | Noticed a vault guard
  9396 | D        | Noticed a vault guard
  9396 | D        | Noticed a vault guard
  9396 | D        | Noticed a titan
  9396 | D        | Noticed a vault guard
  9396 | D        | Noticed a vault guard
  9415 | D        | Killed a vault guard
  9423 | D        | Killed a vault guard
  9471 | D        | Killed a vault guard
  9542 | D        | Killed a vault guard
  9560 | D        | Killed a vault guard
  9602 | D        | Killed a shadow dragon
  9632 | D        | Killed a centaur warrior
  9666 | D        | Killed a stone giant
  9666 | D        | Reached skill level 5 in Charms
  9730 | D        | Killed a vault guard
  9730 | D        | Reached skill level 24 in Stealth
  9750 | D        | Killed a stone giant
  9770 | D        | Killed a skeletal warrior
 10284 | D        | Killed a vault guard
 10301 | D        | Killed a golden dragon
 10301 | D        | Reached skill level 1 in Evocations
 10454 | D        | Killed a vault guard
 10458 | D        | Killed a vault guard
 10521 | D        | Killed a stone giant
 10647 | D        | Killed a stone giant
 10647 | D        | Reached skill level 10 in Armour
 10647 | D        | Reached skill level 15 in Hexes
 10942 | D        | Killed a vault guard
 10995 | D        | Killed a vault guard
 10998 | D        | Killed a vault guard
 11219 | D        | Killed a titan
 11394 | D        | Learned a level 6 spell: Freezing Cloud
 11412 | D        | Killed a vault guard
 11454 | D        | Killed a vault guard
 11454 | D        | Reached skill level 10 in Conjurations
 11458 | D        | Killed a vault guard
 11466 | D        | Killed a skeletal warrior
 11471 | D        | Killed a vault guard
 11760 | D        | Killed a titan
 11787 | D        | Got a fine emerald amulet
 11798 | D        | Got a scorched brass ring
 11800 | D        | Identified the ring "Gicwacreo" {Str+7 Stlth+} (You found it in the Dungeon)
 11802 | D        | Got a silver rune of Zot
 11831 | D        | Identified the amulet of the Many Gods {Regen+ Str+5} (You took it off a vault guard in the Dungeon)
 12697 | D        | Noticed a skeletal warrior
 12703 | D        | Killed a skeletal warrior
 12918 | D        | Noticed a seven-headed hydra
 12918 | D        | Noticed the 27-headed Lernaean hydra
 12920 | D        | Killed the 27-headed Lernaean hydra
 12920 | D        | Reached skill level 10 in Transmutations
 12920 | D        | Reached skill level 5 in Evocations
 12920 | D        | Reached XP level 16. HP: 82/82 MP: 30/41
 12922 | D        | Killed a seven-headed hydra
 12922 | D        | Reached skill level 25 in Stealth
 12925 | D        | Got a decaying rune of Zot
 13140 | D        | Noticed a wolf simulacrum
 13140 | D        | Noticed an eight-headed hydra simulacrum
 13141 | D        | Noticed an eight-headed hydra simulacrum
 13141 | D        | Noticed a polar bear simulacrum
 13142 | D        | Killed an eight-headed hydra simulacrum
 13145 | D        | Killed a polar bear simulacrum
 13146 | D        | Killed an eight-headed hydra simulacrum
 13147 | D        | Killed a wolf simulacrum
 13284 | D        | Got an ichor-stained ring mail
 13459 | D        | Killed an azure jelly
 13459 | D        | Reached skill level 5 in Air Magic
 13460 | D        | Killed an azure jelly
 13480 | D        | Killed an azure jelly
 13518 | D        | Killed an azure jelly
 13756 | D        | Bought a potion of heal wounds for 70 gold pieces
 13756 | D        | Bought a potion of curing for 42 gold pieces
 13756 | D        | Bought a potion of curing for 42 gold pieces
 13891 | D        | Bought a potion of curing for 30 gold pieces
 13891 | D        | Bought a potion of curing for 30 gold pieces
 13891 | D        | Bought a potion of curing for 30 gold pieces
 13916 | D        | Gained mutation: Your mind is very acute. (Int +4) [evolution]
 14220 | D        | Noticed a guardian mummy
 14220 | D        | Noticed a guardian mummy
 14220 | D        | Noticed a mummy priest
 14220 | D        | Noticed a guardian mummy
 14220 | D        | Noticed a guardian mummy
 14220 | D        | Noticed a mummy priest
 14220 | D        | Noticed a greater mummy
 14220 | D        | Noticed a guardian mummy
 14220 | D        | Noticed a guardian mummy
 14220 | D        | Noticed a mummy priest
 14220 | D        | Noticed a greater mummy
 14220 | D        | Noticed a guardian mummy
 14220 | D        | Noticed a guardian mummy
 14220 | D        | Noticed a mummy priest
 14221 | D        | Killed a guardian mummy
 14223 | D        | Killed a guardian mummy
 14224 | D        | Killed a guardian mummy
 14225 | D        | Killed a guardian mummy
 14236 | D        | Killed a guardian mummy
 14290 | D        | Killed a mummy priest
 14543 | D        | Killed a guardian mummy
 14770 | D        | Killed a guardian mummy
 15333 | D        | HP: 3/87 [death scarab[a greater mummy] (8)]
 15651 | D        | Killed a guardian mummy
 15719 | D        | Killed a greater mummy
 15723 | D        | Killed a greater mummy
 15735 | D        | Killed a mummy priest
 15963 | D        | Killed a mummy priest
 16219 | D        | Killed a mummy priest
 16257 | D        | Got a golden rune of Zot
 16307 | D        | Got a twisted buckler
 16318 | D        | Identified the +0 buckler of Virtue {rElec rC- Str+8 Int+4} (You acquired it in the Dungeon)
 16336 | D        | Got a shimmering cloak
 16342 | D        | Identified the +3 cloak "Seepun" {rN+ Stlth+} (You acquired it in the Dungeon)
 16458 | D        | Learned a level 3 spell: Mephitic Cloud
 16763 | D        | Noticed a fire elementalist statue
 16763 | D        | Noticed a water elementalist statue
 16763 | D        | Noticed an earth elementalist statue
 16763 | D        | Noticed an air elementalist statue
 16766 | D        | Killed a water elementalist statue
 16768 | D        | Killed a fire elementalist statue
 16771 | D        | Killed an earth elementalist statue
 16924 | D        | Killed an air elementalist statue
 16982 | D        | Noticed a golden dragon zombie
 16984 | D        | Killed a golden dragon zombie
 16987 | D        | Noticed a titan zombie
 16989 | D        | Killed a titan zombie
 16998 | D        | Found Mebo's Food Emporium.
 16998 | D        | Found Ygynup's Distillery.
 16998 | D        | Found Baimo's Food Shop.
 16998 | D        | Found Leumem's Food Shoppe.
 16998 | D        | Noticed an oklob plant
 16999 | D        | Noticed an oklob plant
 17000 | D        | Killed an oklob plant
 17001 | D        | Killed an oklob plant
 17005 | D        | Bought a potion of heal wounds for 65 gold pieces
 17005 | D        | Bought a potion of heal wounds for 65 gold pieces
 17005 | D        | Bought a potion of curing for 39 gold pieces
 17005 | D        | Bought a potion of heal wounds for 65 gold pieces
 17005 | D        | Bought a potion of curing for 39 gold pieces
 17005 | D        | Bought a potion of heal wounds for 65 gold pieces
 17025 | D        | Found Qaluz's Gadget Boutique.
 17025 | D        | Noticed an iron troll simulacrum
 17029 | D        | Killed an iron troll simulacrum
 17042 | D        | Noticed Roxanne
 17047 | D        | Killed Roxanne
 17047 | D        | Reached skill level 26 in Stealth
 17047 | D        | Reached skill level 10 in Charms
 17053 | D        | Identified Roxanne's Almanac of Transmutation (You took it off Roxanne in the Dungeon)
 17109 | D        | Noticed a hornet
 17111 | D        | Noticed a hornet
 17115 | D        | Noticed a wasp
 17115 | D        | Killed a hornet
 17118 | D        | Killed a wasp
 17120 | D        | Killed a hornet
 17239 | D        | Noticed a spectral iron dragon
 17239 | D        | Noticed a spectral iron dragon
 17240 | D        | Noticed an eight-headed hydra simulacrum
 17240 | D        | Noticed Boris
 17240 | D        | Noticed an iron troll simulacrum
 17240 | D        | Noticed an iron troll simulacrum
 17241 | D        | Killed an iron troll simulacrum
 17242 | D        | Killed a spectral iron dragon
 17376 | D        | Killed an eight-headed hydra simulacrum
 17386 | D        | Killed an iron troll simulacrum
 17399 | D        | Killed from afar by Boris

Action                   |  1- 3 |  4- 6 |  7- 9 | 10-12 | 13-15 | 16-18 || total
-------------------------+-------+-------+-------+-------+-------+-------++-------
Melee: Dagger            |    23 |    11 |    59 |    97 |   398 |    55 ||   643
Throw: Throwing net      |       |       |       |       |       |     8 ||     8
 Cast: Ensorcelled Hiber |     3 |     6 |    28 |    16 |    20 |     4 ||    77
       Dazzling Spray    |     3 |     5 |    13 |    45 |   183 |    64 ||   313
       Tukima's Dance    |       |       |     3 |       |    18 |     2 ||    23
       Confuse           |       |       |     1 |       |    31 |       ||    32
       Lee's Rapid Decon |       |       |       |       |    18 |    23 ||    41
       Gell's Gravitas   |       |       |       |       |     8 |       ||     8
       Invisibility      |       |       |       |       |     3 |       ||     3
       Darkness          |       |       |       |       |     2 |     6 ||     8
       Freezing Cloud    |       |       |       |       |     2 |     3 ||     5
       Repel Missiles    |       |       |       |       |     1 |       ||     1
       Passwall          |       |       |       |       |       |     1 ||     1
Invok: Shadow Step       |       |       |     2 |    15 |    19 |     1 ||    37
 Abil: Evoke Flight      |       |       |       |       |     9 |       ||     9
Evoke: Wand              |       |       |       |       |     2 |     3 ||     5
       Crystal ball of e |       |       |       |       |       |     1 ||     1
  Use: Potion            |     4 |       |       |       |     8 |     2 ||    14
       Scroll            |     3 |       |       |       |    15 |    14 ||    32
 Stab: Sleeping          |     4 |     5 |    25 |    53 |    64 |    21 ||   172
       Invisible         |       |       |     9 |     5 |    15 |     3 ||    32
       Confused          |       |       |       |       |    15 |       ||    15
       Distracted        |       |       |       |       |     2 |       ||     2
       Held in net/web   |       |       |       |       |       |     7 ||     7
  Eat: Bread ration      |       |       |       |     1 |       |     1 ||     2
       Fruit             |       |       |       |       |     9 |     2 ||    11
